Get step-by-step instructions on how to execute this build order below. Start the game timer, and the build order will tick by so you can play in parallel with StarCraft on a second screen or mobile device.

Game Time

  0:00

Last Step

  N/A

Next Step

Upcoming Step



Don't want to look back and forth between 2 screens? Try out our Overwolf App, the Spawning Tool Build Advisor to get an in-game overlay with this build!

Complete Build Order

  12  0:01  Drone  
  13  0:13  Overlord  
  13  0:20  Drone  
  14  0:25  Extractor  
  14  0:26  Drone  
  15  0:32  Drone  
  17  0:35  Drone  
  17  0:47  Spawning Pool  
  16  0:50  Drone